 Dungeon Crawl Stone Soup version 0.19-a0-1277-g7cecae3 (webtiles) character file.

3056563 Anstane the Slayer (level 27, 177/177 HPs)
             Began as a Gargoyle Fighter on Aug 27, 2016.
             Was the Champion of Hepliaklqana.
             Escaped with the Orb
             ... and 5 runes on Aug 30, 2016!
             The game lasted 13:52:04 (76742 turns).

Anstane the Slayer (Gargoyle Fighter)              Turns: 76742, Time: 13:52:05

Health: 177/177    AC: 57    Str: 22    XL:     27
Magic:  31/33      EV: 13    Int: 15    God:    Hepliaklqana [******]
Gold:   5251       SH: 17    Dex: 20    Spells: 4 memorised, 15 levels left

rFire  + + .     SeeInvis +     e - +9 eveningstar (crush)
rCold  + . .     Gourm    .     m - +3 gold dragon armour
rNeg   + . .     Faith    .     h - +2 shield {reflect}
rPois  ∞         Spirit   .     i - +3 crown of Dyrovepreva {rElec Int+2 SInv}
rElec  +         Dismiss  .     D - +0 cloak of the Teacher {Regen+}
rCorr  .         Reflect  +     s - +2 pair of gloves {Dex+3}
MR     ++++.     Harm     .     t - +2 pair of boots {run}
Stlth  ..........               u - amulet of regeneration
                                c - ring of the Mage {Wiz MR++ Int+3}
                                X - ring of Helom {rF+ Stlth+}

@: flying, very slightly contaminated, hasted (expiring), very quick
A: big wings, deformed body, negative energy resistance 1, electricity
resistance, weak 1, unbreathing, petrification resistance, rot immunity, AC +20
a: Stop Flying, Recall Ancestor, Ancestor Identity, Transference, Idealise,
Renounce Religion
0: Orb of Zot
}: 5/15 runes: decaying, serpentine, slimy, silver, abyssal


You escaped.
You worshipped Hepliaklqana.
Hepliaklqana was exalted by your worship.
You were not hungry.

You visited 13 branches of the dungeon, and saw 59 of its levels.
You visited the Abyss 1 time.
You visited 1 ziggurat, and saw 8 of its levels.
You also visited: Sewer, Wizlab and Desolation.

You collected 7956 gold pieces.
You spent 2705 gold pieces at shops.

Inventory:

Hand Weapons
 e - a +9 eveningstar of crushing (weapon)
 U - the +7 great mace "Undeadhunter" {disrupt, rN+}
   (You found it on level 5 of the Pits of Slime)

   It protects you from negative energy.
Armour
 h - a +2 shield of reflection (worn)
 i - the +3 crown of Dyrovepreva (worn) {rElec Int+2 SInv}
   (You found it on level 1 of the Vaults)

   It affects your intelligence (+2).
   It insulates you from electricity.
   It lets you see invisible.
 m - a +3 gold dragon armour (worn)
 s - a +2 pair of gloves of dexterity (worn)
 t - a +2 pair of boots of running (worn)
 D - the +0 cloak of the Teacher (worn) {Regen+}
   (You found it in a wizard's laboratory)

   It increases your rate of regeneration.
Jewellery
 b - the ring of Pionav {rN+ Int+5 Dex-2}
   (You found it on level 9 of the Dungeon)

   [ring of dexterity]

   It affects your intelligence (+5).
   It affects your dexterity (-2).
   It protects you from negative energy.
 c - the ring of the Mage (right hand) {Wiz MR++ Int+3}
   (You found it on level 4 of the Snake Pit)

   [ring of wizardry]

   It improves your spell success rate.
   It affects your intelligence (+3).
   It affects your resistance to hostile enchantments.
 u - an amulet of regeneration (around neck)
 x - an uncursed ring of protection from fire
 L - an uncursed ring of positive energy
 X - the ring of Helom (left hand) {rF+ Stlth+}
   (You found it on level 3 of the Depths)

   [ring of stealth]

   It protects you from fire.
   It makes you more stealthy.
Wands
 w - a wand of hasting (4/9)
 F - a wand of teleportation (3/9)
 H - a wand of disintegration (14/24)
 K - a wand of heal wounds (3/9)
 O - a wand of teleportation (5/9)
 S - a wand of teleportation (6/9)
Scrolls
 j - 14 scrolls of teleportation
 l - 26 scrolls of remove curse
 v - 5 scrolls of enchant weapon
 y - a scroll of brand weapon
 B - 9 scrolls of blinking
 C - 11 scrolls of fear
 J - 5 scrolls of recharging
 Q - 12 scrolls of identify
 T - 7 scrolls of magic mapping
 W - 17 scrolls of fog
 Z - a scroll of holy word
Potions
 a - 9 potions of heal wounds
 d - 2 potions of might
 k - 3 potions of cure mutation
 n - 4 potions of agility
 z - 26 potions of curing
 E - 2 potions of resistance
 G - 6 potions of haste
 M - a potion of cancellation
 P - 2 potions of brilliance
Miscellaneous
 r - a lamp of fire
 I - 3 phantom mirrors
 N - 3 sacks of spiders
 R - 4 boxes of beasts
Comestibles
 f - 17 bread rations
 g - 14 beef jerkies
 o - 10 slices of pizza
 p - 37 fruits
 q - 20 meat rations
 A - 3 royal jellies


   Skills:
 + Level 26.7 Fighting
   Level 13.5(16.0) Axes
 - Level 15.5(17.6) Maces & Flails
 + Level 25.9 Armour
 - Level 11.6 Dodging
 - Level 15.8 Shields
 - Level 21.6 Charms
 - Level 10.2 Invocations
 * Level 14.5 Evocations


You had 15 spell levels left.
You knew the following spells:

 Your Spells              Type           Power        Failure   Level  Hunger
a - Apportation           Tloc           #.........   92%         1    ##.....
b - Blink                 Tloc           N/A          98%         2    ###....
c - Repel Missiles        Chrm/Air       ####..       2%          2    ###....
d - Haste                 Chrm           ######..     3%          6    #######


Dungeon Overview and Level Annotations

Branches:
Dungeon (15/15)            Temple (1/1) D:6            Lair (6/6) D:11
  Swamp (4/4) Lair:3        Snake (4/4) Lair:4        Slime (5/5) Lair:5
    Orc (2/2) D:12            Elf (3/3) Orc:2        Vaults (5/5) D:13
  Crypt (3/3) Vaults:3       Tomb (1/3) Crypt:3      Depths (5/5) D:15
    Zot (5/5) Depths:5

Altars:
Ashenzari
Cheibriados
Dithmenos
Elyvilon
Fedhas
Gozag
Hepliaklqana
Kikubaaqudgha
Makhleb
Nemelex Xobeh
Okawaru
Qazlal
Ru
Sif Muna
Trog
Uskayaw
Vehumet
Xom
Yredelemnul
Zin
The Shining One
Beogh

Shops:
D:9 }   D:15 (   Orc:2 ?(?:   Snake:1 *(%:   Vaults:1 (}   Vaults:2 ?
Vaults:3 ?   Vaults:5 }*[(   Depths:3 ([[[   Depths:5 }=}

Portals:
Hell: Depths:1 Depths:2 Depths:3 Depths:4 Depths:5
Abyss: Depths:1 Depths:4 Depths:5
Pandemonium: Orc:2 Depths:2 Depths:3

Annotations:
D:5 Blork the orc
D:10 1 runed door
D:13 exclusion: obsidian statue
Zot:2 exclusion: knight


Innate Abilities, Weirdness & Mutations

You are resistant to torment.
Your stone body is resilient. (AC +20)
You are immune to poison.
Your large and strong wings let you fly indefinitely.
You resist negative energy. (rN+)
You are resistant to electric shocks. (rElec)
You can survive without breathing.
You are immune to petrification.
You are immune to rotting.
Armour fits poorly on your strangely shaped body.
You are weak. (Str -2)


Message History

Gnaeus hits the seraph with a broad axe of speed!!
Gnaeus barely misses the seraph.
There is a stone staircase leading down here.
The seraph shouts a warning to its allies!
You see here a club.
The seraph gestures.
As you read the scroll of teleportation, it crumbles to dust.
You feel strangely stable.
The angel no longer looks unusually strong.
An Orb Guardian comes into view.
The Orb Guardian barely misses you.
The Orb Guardian hits you but does no damage.
You block the Orb Guardian's attack.
You see here a club.
There is an open door here.
There is an open door here.
There is a staircase leading out of the dungeon here.
Gnaeus is recalled.
Your extra speed is starting to run out.
You have escaped!

#...'...+...'...#
#..^#...#...#...#
##'#######'###'##
#...#...#...#...# #
#...'...'.⌠.#...# #
#...#...#...#...# #
##'###'###'###'## #
#...#...#.R.#...# #
#...#[..#.@.#.⌠.# #
#...#...#...#...#####
#
##'#######'######)..#
#
#...#(..#...#...#...#
#
#...'...'.X.'...#...#
#
#...#...#.A.#...#...#
#
##########'######...#
# #.A........# ##
##.........# #.


You could see the friendly Gnaeus the knight, 2 angels and an Orb Guardian.

Vanquished Creatures
  the Royal Jelly (Slime:5)
  5 ancient liches
  5 orbs of fire
  Boris (Depths:3)
  2 shard shrikes
  Frederick (Depths:4)
  Vashnia (Snake:3)
  3 Killer Klowns (Zot:5)
  4 curse toes
  10 golden dragons
  Nikola (Depths:1)
  A profane servitor (Crypt:3)
  A caustic shrike (Depths:4)
  2 bone dragons
  An electric golem (Zot:3)
  A hellephant (Zig:1)
  A shard shrike skeleton (Crypt:3)
  12 tentacled monstrosities
  6 liches
  Asterion (Depths:1)
  A quicksilver dragon (Depths:4)
  14 Orb Guardians
  A deep elf blademaster (Elf:3)
  A titan (Vaults:5)
  An Executioner (Abyss:4)
  5 death cobs
  Gastronok (Lair:3)
  3 sphinxes
  8 ancient champions
  8 acid blobs
  A tentacled starspawn (WizLab)
  5 tengu reavers
  8 shadow dragons
  2 draconian monks
  5 storm dragons
  Donald (Swamp:4)
  2 thorn hunters (Swamp:4)
  5 azure jellies
  2 revenants
  8 greater nagas
  5 draconian knights
  7 deep elf sorcerers
  8 fire giants
  3 ghost moths
  8 frost giants
  3 draconian scorchers
  An iron dragon (Depths:5)
  8 vault wardens
  A draconian shifter (WizLab)
  2 cacodemons (Abyss:4)
  2 draconian zealots (Zot:1)
  Louise (D:15)
  An emperor scorpion (Zig:4)
  A reaper (Crypt:3)
  A deep elf elementalist (Elf:1)
  An orc warlord (Depths:2)
  A caustic shrike skeleton (Crypt:3)
  3 spriggan defenders (Depths:4)
  7 ghouls (Crypt:2)
  9 ironheart preservers
  3 draconian annihilators
  14 very ugly things
  2 green draconians (Zot:3)
  A war gargoyle (Vaults:5)
  2 draconian callers
  13 stone giants
  6 black draconians
  A juggernaut skeleton (Depths:2)
  4 deep elf demonologists
  7 vampire knights
  2 lorocyprocas
  5 mottled draconians
  5 red draconians
  7 deep elf annihilators
  A halazid warlock (Desolation)
  A yellow draconian (Zot:1)
  7 purple draconians
  5 spark wasps
  2 white draconians
  4 eidola
  A ragged hierophant (Desolation)
  A mummy priest (Crypt:3)
  10 ettins
  9 jiangshi
  A merfolk javelineer (Depths:3)
  9 deep elf death magi
  The ghost of runewalsh the Thaumaturge, a journeyman OpIE of Gozag (Lair:6)
  3 crystal guardians
  3 death oozes
  2 deep elf high priests (Elf:3)
  4 great orbs of eyes
  13 fire dragons
  9 yaktaur captains
  15 vault guards
  18 ice dragons
  A peacekeeper (Desolation)
  7 rakshasas
  14 naga warriors
  A ghost crab (shapeshifter) (D:13)
  2 spriggan air magi (Depths:5)
  8 hydras
  A hell beast (Depths:5)
  4 alligator snapping turtles (Desolation)
  3 centaur warriors
  10 anacondas
  A servant of whispers (Desolation)
  A catoblepas (Lair:4)
  30 dancing weapons
  9 death yaks
  7 ogre magi
  7 deep troll shamans
  9 alligators
  6 deep troll earth magi
  2 thrashing horrors (WizLab)
  8 vampire magi
  5 tengu warriors
  A hellephant zombie (Crypt:1)
  11 naga sharpshooters
  11 shock serpents
  A titan zombie (Vaults:4)
  The ghost of Mandevil the Grappler, a novice TrNe (D:8)
  5 orc high priests
  2 sun demons
  Nergalle (Depths:3)
  2 iron trolls (Depths:5)
  4 soul eaters
  A sixfirhy (WizLab)
  5 shadow wraiths
  19 deep elf knights
  13 skeletal warriors
  7 hell knights
  A salamander mystic (Snake:4)
  6 spriggan druids
  4 giant orange brains
  4 unseen horrors
  An anaconda zombie (Crypt:1)
  3 sea snakes (Snake:1)
  7 flayed ghosts
  8 swamp dragons
  A shadow demon (WizLab)
  15 deep trolls
  An infernal demonspawn (Orc:2)
  12 deep elf archers
  A torturous demonspawn (Orc:2)
  12 naga ritualists
  A shambling mangrove (Swamp:4)
  5 wizards
  9 hill giants
  2 hill giants (shapeshifter)
  8 necromancers
  A lindwurm (shapeshifter) (Vaults:3)
  3 obsidian statues
  13 ironbrand convokers
  5 harpies
  7 orc knights
  9 phantasmal warriors
  20 ugly things
  16 mana vipers
  A harpy (shapeshifter) (D:15)
  3 fire giant zombies
  A hornet (shapeshifter) (Vaults:5)
  8 cyclopes
  A human zombie (Vaults:4)
  A manticore (shapeshifter) (Vaults:5)
  4 hornets
  36 deep elf magi
  An oklob plant (Zot:4)
  4 shining eyes
  2 orb spiders (shapeshifter) (Vaults:3)
  2 wolf spiders
  A manticore (D:14)
  19 large abominations
  4 orc sorcerers
  2 griffons
  15 moths of wrath
  2 worldbinders (Zig:6)
  4 salamanders
  A fire giant skeleton (Crypt:2)
  9 vault sentinels
  2 elephants (Lair:2)
  6 guardian serpents
  2 guardian serpents (shapeshifter)
  An eye of devastation (Slime:1)
  A torpor snail (Zig:4)
  2 rust devils
  An apocalypse crab (Zig:6)
  12 spiny frogs
  15 naga magi
  43 black mambas
  2 orange demons
  3 centaur skeletons
  2 gargoyles (Depths:3)
  A kobold demonologist (D:14)
  3 rime drakes (Lair:6)
  5 komodo dragons
  An efreet (D:14)
  A shock serpent skeleton (Crypt:2)
  A yaktaur (shapeshifter) (Depths:1)
  A tormentor (Depths:2)
  An ice devil (Depths:2)
  42 yaktaurs
  A hellwing (Orc:2)
  An alligator snapping turtle skeleton (Crypt:3)
  4 freezing wraiths
  A red devil (WizLab)
  7 guardian mummies (Crypt:3)
  4 tengu conjurers
  A meliai (shapeshifter) (Depths:4)
  3 ancient zymes
  A spriggan skeleton (Depths:2)
  4 polar bears
  7 trolls
  11 two-headed ogres
  A hydra zombie (Crypt:3)
  2 shadow dragon simulacra
  A polar bear (shapeshifter) (Vaults:4)
  20 blink frogs
  An ettin zombie (Depths:2)
  5 giant leeches
  A hydra skeleton (Crypt:3)
  A tengu simulacrum (Depths:2)
  Grinder (D:4)
  3 boulder beetles
  A raiju (shapeshifter) (Vaults:3)
  3 raiju (Abyss:4)
  16 saltlings (Desolation)
  An alligator zombie (Crypt:3)
  A spriggan zombie (Depths:2)
  A boulder beetle (shapeshifter) (Vaults:5)
  47 slime creatures
  A dream sheep (shapeshifter) (Vaults:5)
  7 bog bodies
  A fire giant simulacrum (Crypt:3)
  6 flying skulls (Crypt:1)
  A frost giant simulacrum (Crypt:3)
  8 air elementals
  14 water elementals
  2 ynoxinuls
  3 redbacks
  16 spriggans
  3 shadows
  An ettin skeleton (Crypt:3)
  A griffon skeleton (Crypt:3)
  2 wyverns
  A black mamba skeleton (Crypt:2)
  An ushabti (Crypt:3)
  2 fire elementals
  9 wraiths
  A fire bat (shapeshifter) (Depths:3)
  A human (D:7)
  3 basilisks
  28 yaks
  4 hogs (D:7)
  2 golden eyes
  A steam dragon (D:8)
  A hungry ghost (D:10)
  13 vampire mosquitoes
  3 chaos spawn
  13 small abominations
  3 mottled dragons
  31 nagas
  3 spatial vortices (WizLab)
  10 swamp worms
  7 hippogriffs
  6 insubstantial wisps
  A soldier ant (D:9)
  A soldier ant (shapeshifter) (Depths:2)
  3 wargs
  A torturous demonspawn zombie (Crypt:3)
  3 water moccasins
  A giant eyeball (Zig:3)
  A water moccasin (shapeshifter) (Elf:2)
  4 porcupines
  A hell hound (D:11)
  An infernal demonspawn skeleton (Crypt:2)
  A manticore zombie (Crypt:3)
  5 ice beasts
  37 orc warriors
  13 swamp drakes
  4 phantoms
  A swamp dragon zombie (Crypt:1)
  2 black bears
  19 wasps
  9 necrophages
  6 eyes of draining
  3 sky beasts
  22 wolves
  24 ogres
  2 snapping turtle skeletons (Crypt:3)
  10 centaurs
  6 boggarts
  6 crocodiles
  A rime drake skeleton (Crypt:1)
  2 wyvern zombies
  4 big kobolds
  14 giant frogs
  An earth elemental (WizLab)
  A komodo dragon skeleton (Crypt:1)
  2 human skeletons (Vaults:5)
  4 scorpions
  A wyvern skeleton (D:15)
  13 killer bees
  A warg skeleton (Crypt:3)
  A yak skeleton (Crypt:2)
  A hippogriff skeleton (Crypt:2)
  A troll skeleton (Crypt:3)
  7 wights
  2 howler monkeys
  3 electric eels
  4 jellies
  14 crimson imps
  A giant frog zombie (Crypt:1)
  5 starcursed masses (Zig:5)
  5 giant frog skeletons
  3 quasits
  A wasp zombie (Crypt:2)
  A gnoll shaman (D:8)
  8 hounds
  25 orc wizards
  A wyvern simulacrum (D:9)
  A basilisk zombie (Crypt:2)
  An iron imp (Depths:2)
  27 orc priests
  7 iguanas
  4 worker ants
  3 yak simulacra (Lair:4)
  A lightning spire (Zot:4)
  3 polar bear simulacra (Lair:4)
  A wolf simulacrum (Lair:4)
  A centaur simulacrum (D:9)
  2 tengu skeletons
  A mummy (Crypt:3)
  A killer bee simulacrum (D:9)
  2 worker ant zombies
  11 gnolls
  A howler monkey skeleton (D:10)
  13 adders
  49 river rats
  3 shadow imps
  A white imp (D:9)
  An ufetubus (Depths:2)
  An adder zombie (D:5)
  2 adder skeletons
  2 worms
  3 dart slugs
  6 giant geckos
  77 orcs
  5 giant cockroaches
  4 goblins
  8 hobgoblins
  5 jackals (D:7)
  4 quokkas
  5 ball pythons
  9 bats
  2 giant gecko skeletons
  3 giant newts
  A giant newt zombie (Crypt:2)
  A goblin skeleton (Crypt:3)
  22 kobolds
  A quokka zombie (Crypt:1)
  15 rats
  A river rat simulacrum (Lair:4)
  3 briar patches (Swamp:4)
  A crawling corpse (Vaults:4)
  A fungus (Elf:1)
  2 plants
  3 starspawn tentacles
2065 creatures vanquished.

Vanquished Creatures (collateral kills)
  An ancient lich (Zot:5)
  2 orbs of fire
  Xtahua (Vaults:2)
  A caustic shrike (Depths:4)
  3 golden dragons
  Jorgrun (Crypt:2)
  3 tentacled monstrosities
  Rupert (Lair:4)
  2 electric golems (Zot:5)
  A lich (Depths:2)
  A titan (Vaults:5)
  10 Orb Guardians (Zot:5)
  11 acid blobs
  An eldritch tentacle (WizLab)
  A death cob (Zot:1)
  A thorn hunter (Swamp:2)
  4 sphinxes
  3 ancient champions
  2 tentacled starspawn
  4 storm dragons
  3 draconian monks
  3 azure jellies (Slime:5)
  5 fire giants
  4 shadow dragons
  2 tengu reavers
  3 greater nagas (Snake:4)
  A draconian scorcher (Zot:3)
  3 deep elf sorcerers
  An iron dragon (Depths:2)
  5 vault wardens
  A draconian shifter (Zot:5)
  4 frost giants
  2 deep elf elementalists (Elf:3)
  2 draconian knights
  A cacodemon (Abyss:4)
  A spriggan defender (Depths:4)
  A draconian caller (Zot:1)
  An orc warlord (Zig:7)
  A curse skull (Zot:4)
  An angel (Elf:1)
  2 war gargoyles
  4 ironheart preservers
  2 draconian annihilators
  2 entropy weavers
  7 stone giants
  7 green draconians
  6 very ugly things
  A deep elf demonologist (Vaults:3)
  2 white draconians (Zot:5)
  5 black draconians
  2 yellow draconians (Zot:1)
  3 spark wasps
  2 red draconians
  A deep elf annihilator (Elf:3)
  7 mottled draconians
  A halazid warlock (Desolation)
  4 purple draconians
  An ettin (Vaults:5)
  2 death oozes (Slime:5)
  2 ragged hierophants (Desolation)
  3 crystal guardians (Desolation)
  A merfolk javelineer (Depths:3)
  2 mummy priests (Crypt:3)
  A deep elf death mage (Elf:1)
  3 merfolk impalers
  A deep elf high priest (Elf:3)
  10 fire dragons
  3 jiangshi
  7 yaktaur captains
  4 great orbs of eyes
  3 rakshasas
  14 ice dragons
  A spriggan air mage (Depths:3)
  8 hydras
  13 vault guards
  A quicksilver dragon skeleton (Crypt:1)
  7 naga warriors
  2 anacondas (Snake:3)
  3 death knights
  A servant of whispers (Desolation)
  3 ogre magi
  An alligator (Swamp:2)
  5 dancing weapons
  2 centaur warriors
  6 death yaks
  A deep troll earth mage (Depths:5)
  2 deep troll shamans
  2 orc high priests (Orc:2)
  2 spriggan berserkers (Depths:4)
  2 vampire magi
  A titan zombie (Crypt:1)
  7 naga sharpshooters
  2 tengu warriors
  An iron giant zombie (Crypt:1)
  2 shock serpents
  5 deep elf knights
  14 large abominations
  6 hell knights
  2 sixfirhies
  A shadow wraith (Vaults:3)
  A golden dragon zombie (Depths:2)
  A salamander mystic (Snake:4)
  3 skeletal warriors
  4 unseen horrors
  2 swamp dragons (Swamp:4)
  18 deep trolls
  A giant orange brain (Vaults:5)
  3 naga ritualists
  A giant orange brain (shapeshifter) (Vaults:5)
  2 wizards
  11 deep elf archers
  3 hill giants
  An ironbrand convoker (Vaults:5)
  A shambling mangrove (Swamp:3)
  3 harpies
  A torturous demonspawn (Orc:2)
  3 orc knights
  A phantasmal warrior (Vaults:4)
  5 necromancers
  8 mana vipers
  3 oklob plants (Zot:4)
  22 deep elf magi
  10 ugly things
  A hornet (shapeshifter) (Depths:2)
  A fire giant zombie (Vaults:4)
  4 orc sorcerers
  A tengu skeleton (Depths:2)
  A cyclops (shapeshifter) (Vaults:5)
  4 cyclopes
  5 salamanders
  A fire giant skeleton (Vaults:4)
  2 rust devils (Depths:2)
  6 moths of wrath
  4 vault sentinels
  2 centaur zombies (D:12)
  6 guardian serpents
  A spriggan zombie (Depths:5)
  4 elephants
  14 black mambas
  An orange demon (Depths:2)
  3 centaur skeletons
  A gargoyle (Depths:3)
  8 naga magi
  5 spiny frogs
  A spiny frog (shapeshifter) (D:14)
  A yaktaur zombie (Vaults:5)
  5 komodo dragons
  21 yaktaurs
  An ancient zyme (Abyss:4)
  2 freezing wraiths
  5 guardian mummies (Crypt:3)
  A tengu conjurer (Depths:2)
  2 polar bears (shapeshifter)
  3 trolls
  3 giant leeches (Swamp:1)
  A hydra skeleton (Crypt:3)
  4 two-headed ogres
  12 saltlings (Desolation)
  7 blink frogs
  21 slime creatures
  2 stone giant simulacra
  A bog body (Swamp:4)
  2 raiju
  An ettin zombie (Vaults:4)
  A wraith (D:14)
  A ynoxinul (Abyss:4)
  A boulder beetle (Vaults:1)
  4 air elementals
  2 flying skulls (Abyss:4)
  A vampire (D:9)
  4 redbacks
  A tarantella (Zig:4)
  10 spriggans
  A yak (shapeshifter) (Depths:1)
  A wyvern (D:9)
  16 yaks
  A hippogriff (shapeshifter) (Vaults:3)
  4 golden eyes
  4 water elementals
  A hog (shapeshifter) (Depths:2)
  A basilisk (Lair:3)
  3 vampire mosquitoes
  A neqoxec (Depths:2)
  4 hippogriffs
  A chaos spawn (Abyss:4)
  2 hungry ghosts
  2 insubstantial wisps (Swamp:3)
  A soldier ant (shapeshifter) (Vaults:5)
  4 swamp worms
  A warg (Orc:2)
  A mottled dragon (D:13)
  A swamp worm (shapeshifter) (Depths:5)
  25 nagas
  6 water moccasins
  7 small abominations
  A hell hound (D:11)
  2 porcupines
  15 orc warriors
  2 ice beasts
  A sky beast (D:10)
  6 swamp drakes
  3 wasps
  3 black bears
  A phantom (D:13)
  An eye of draining (D:14)
  14 ogres
  3 wolves (Lair:6)
  6 crocodiles
  A big kobold (D:10)
  6 giant frogs
  3 earth elementals
  18 killer bees
  A howler monkey (D:11)
  4 wights
  3 electric eels
  A crimson imp (D:7)
  A giant frog zombie (D:11)
  A human zombie (Crypt:3)
  3 hounds
  A jelly (D:8)
  6 orc priests
  An iron imp (Depths:2)
  12 orc wizards
  A polar bear simulacrum (Lair:4)
  2 lightning spires (Zot:4)
  2 yak simulacra (Lair:4)
  A giant frog simulacrum (D:9)
  A hound zombie (D:7)
  A howler monkey zombie (D:6)
  2 adders
  28 river rats
  2 shadow imps
  A giant gecko (D:9)
  43 orcs
  A bat (Crypt:2)
  5 jackals
  5 kobolds
  3 crawling corpses (Vaults:4)
  3 fungi
  2 starspawn tentacles
932 creatures vanquished.

Vanquished Creatures (others)
  A deep elf master archer (Elf:3)
  A shadow dragon (Vaults:5)
  A fire giant (Depths:3)
  A stone giant (Depths:2)
  2 yaktaur captains
  A centaur warrior (Depths:3)
  3 naga sharpshooters
  3 deep elf knights
  An unseen horror (shapeshifter) (Vaults:5)
  2 deep elf archers
  A mana viper (Snake:4)
  A hornet (Vaults:3)
  2 moths of wrath
  A guardian serpent (Desolation)
  13 yaktaurs
  A troll (D:13)
  A saltling (Desolation)
  A wraith (Vaults:1)
  A spriggan (Swamp:4)
  An ogre (Depths:1)
  A boggart (Depths:2)
  An electric eel (Snake:1)
  27 knights
  A small abomination (Abyss:4)
  4 ancestors
  2 orcs
  2 briar patches (Swamp:2)
  3 fungi (Lair:2)
  4 plants
  4 starspawn tentacles
88 creatures vanquished.

Grand Total: 3085 creatures vanquished

Notes
Turn   | Place    | Note
-------+----------+-------------------------------------------
     0 | D:1      | Anstane the Gargoyle Fighter began the quest for the Orb.
     0 | D:1      | Reached XP level 1. HP: 14/14 MP: 1/1
   177 | D:1      | Reached XP level 2. HP: 18/19 MP: 2/2
   284 | D:1      | Gained mutation: Your body sometimes deteriorates upon taking damage. [potion of mutation]
   284 | D:1      | Lost mutation: Your body sometimes deteriorates upon taking damage. [potion of mutation]
   284 | D:1      | Gained mutation: You are covered in fur. (AC +1) [potion of mutation]
   629 | D:2      | Reached XP level 3. HP: 21/23 MP: 3/3
  1106 | D:2      | Reached XP level 4. HP: 29/29 MP: 4/4
  1439 | D:3      | Found an opulent altar of Gozag.
  1570 | D:3      | Noticed Grinder
  1866 | D:4      | Reached skill level 4 in Fighting
  1881 | D:4      | Noticed a phantom
  1927 | D:4      | Killed a phantom
  1927 | D:4      | Reached XP level 5. HP: 6/33 MP: 5/5
  1946 | D:4      | Reached XP level 6. HP: 10/39 MP: 6/6
  2095 | D:4      | Reached skill level 5 in Armour
  2131 | D:4      | Identified a +2 pair of boots of running (You found it on level 4 of the Dungeon)
  2254 | D:4      | Noticed a yak
  2256 | D:4      | Noticed a yak
  2256 | D:4      | Noticed a yak
  2256 | D:4      | Noticed a yak
  2256 | D:4      | Noticed a yak
  2277 | D:4      | Killed a yak
  2277 | D:4      | Reached skill level 5 in Fighting
  2277 | D:4      | Reached skill level 5 in Shields
  2277 | D:4      | Reached XP level 7. HP: 29/44 MP: 7/7
  2283 | D:4      | Noticed a yak
  2286 | D:4      | Killed a yak
  2873 | D:4      | Paralysed by Grinder for 5 turns
  2899 | D:4      | Killed Grinder
  2899 | D:4      | Reached XP level 8. HP: 30/51 MP: 8/8
  3079 | D:4      | Reached skill level 5 in Maces & Flails
  3188 | D:4      | Killed a yak
  3188 | D:4      | Reached skill level 6 in Fighting
  3196 | D:4      | Killed a yak
  3294 | D:4      | Killed a yak
  3304 | D:4      | Killed a yak
  3515 | D:4      | Reached XP level 9. HP: 46/56 MP: 9/9
  3602 | D:5      | Entered Level 5 of the Dungeon
  3655 | D:5      | Reached skill level 7 in Fighting
  3843 | D:5      | Found a glowing drain.
  3854 | Sewer    | Entered a sewer
  3985 | Sewer    | Gained mutation: You have sharp toenails. [potion of beneficial mutation]
  4379 | D:5      | Noticed Blork the orc
  4677 | D:5      | Found a stormy altar of Qazlal.
  4685 | D:5      | Learned a level 1 spell: Apportation
  4688 | D:5      | Learned a level 2 spell: Blink
  5064 | D:6      | Found a staircase to the Ecumenical Temple.
  5073 | Temple   | Entered the Ecumenical Temple
  5142 | Temple   | Became a worshipper of Hepliaklqana
  5264 | D:6      | Noticed a purple ugly thing
  5498 | D:6      | Reached skill level 8 in Fighting
  5578 | D:6      | Learned a level 2 spell: Repel Missiles
  5643 | D:6      | Found a basalt altar of Yredelemnul.
  5694 | D:6      | Reached XP level 10. HP: 49/57 MP: 7/10
  5708 | D:6      | Found a white marble altar of Elyvilon.
  5904 | D:7      | Reached * piety under Hepliaklqana
  5936 | D:7      | Found a glowing golden altar of the Shining One.
  6896 | D:7      | Reached skill level 9 in Fighting
  7027 | D:8      | Noticed Mandevil's ghost (novice TrNe)
  7057 | D:8      | Killed Mandevil's ghost
  7057 | D:8      | Reached XP level 11. HP: 37/63 MP: 11/11
  7266 | D:8      | Noticed a purple ugly thing
  7278 | D:8      | Killed a purple ugly thing
  7629 | D:8      | Reached ** piety under Hepliaklqana
  7630 | D:8      | Remembered your ancestor Gnaeus as a knight
  7882 | D:9      | Got a vibrating glass ring
  7884 | D:9      | Identified the cursed ring of Pionav {rN+ Int+5 Dex-2} (You found it on level 9 of the Dungeon)
  8068 | D:9      | Reached skill level 10 in Shields
  8120 | D:9      | Reached skill level 10 in Maces & Flails
  8407 | D:9      | Reached *** piety under Hepliaklqana
  8577 | D:9      | Found Hetanyny's Gadget Shoppe.
  8601 | D:9      | Found a glowing silver altar of Zin.
  8740 | D:10     | Entered Level 10 of the Dungeon
  8897 | D:10     | Noticed a brown ugly thing
  8919 | D:10     | Killed a brown ugly thing
  8919 | D:10     | Reached skill level 10 in Armour
  8958 | D:10     | Gained mutation: You are dopey. (Int -2) [mutagenic meat]
  8961 | D:10     | Gained mutation: You have an increased reservoir of magic. (+10% MP) [mutagenic meat]
  8964 | D:10     | Gained mutation: You have a pair of small horns on your head. [mutagenic meat]
  8970 | D:10     | Gained mutation: Your movements are slightly less encumbered by armour. (ER -2) [mutagenic meat]
  9052 | D:10     | Noticed a purple ugly thing
  9227 | D:10     | Reached skill level 10 in Fighting
  9310 | D:10     | Noticed a green ugly thing
  9311 | D:10     | Noticed a green ugly thing
  9342 | D:10     | Killed a green ugly thing
  9421 | D:10     | Noticed a purple ugly thing
  9526 | D:10     | Found a white marble altar of Elyvilon.
  9526 | D:10     | Found a runed door.
  9527 | D:10     | Noticed an angel
  9690 | D:10     | Got a blackened leather armour
  9776 | D:10     | Killed a green ugly thing
  9776 | D:10     | Reached XP level 12. HP: 69/69 MP: 13/13
  9948 | D:10     | Noticed a brown very ugly thing
 10187 | D:11     | Noticed a death knight
 10490 | D:11     | Noticed a seven-headed hydra
 10500 | D:11     | Killed a seven-headed hydra
 10522 | D:11     | Noticed a six-headed hydra
 10531 | D:11     | Killed a six-headed hydra
 10681 | D:11     | Killed a death knight
 11101 | D:11     | Reached skill level 11 in Fighting
 11217 | D:11     | Reached **** piety under Hepliaklqana
 11414 | D:11     | Found a staircase to the Lair.
 11740 | Lair:1   | Entered Level 1 of the Lair of Beasts
 11947 | Lair:1   | Reached XP level 13. HP: 74/75 MP: 14/14
 12233 | Lair:1   | Reached ***** piety under Hepliaklqana
 13274 | Lair:3   | Noticed Gastronok
 13480 | Lair:3   | Found a staircase to the Swamp.
 13613 | Lair:3   | Killed Gastronok
 13613 | Lair:3   | Reached skill level 12 in Fighting
 14250 | Lair:4   | Found a staircase to the Snake Pit.
 14256 | Lair:4   | Gained mutation: Your large and strong wings let you fly indefinitely. [Gargoyle growth]
 14256 | Lair:4   | Reached XP level 14. HP: 61/82 MP: 15/15
 14685 | Lair:4   | Reached ****** piety under Hepliaklqana
 14772 | Lair:4   | Noticed Rupert
 14783 | Lair:4   | Paralysed by Rupert for 5 turns
 14788 | Lair:4   | Killed Rupert
 15844 | Lair:5   | Found a staircase to the Slime Pits.
 16154 | Lair:6   | Entered Level 6 of the Lair of Beasts
 16245 | Lair:6   | Noticed runewalsh's ghost (journeyman OpIE)
 16279 | Lair:6   | Killed runewalsh's ghost
 16581 | Lair:6   | Reached skill level 13 in Fighting
 16762 | Lair:6   | Reached skill level 15 in Maces & Flails
 17383 | Lair:6   | Reached XP level 15. HP: 89/89 MP: 16/16
 18089 | D:12     | Got a pitted war axe
 18090 | D:12     | Identified the +8 war axe of Yrun {drain, *Noise +Rage rElec Dex+2} (You found it on level 12 of the Dungeon)
 18184 | D:12     | Found a roughly hewn altar of Beogh.
 18185 | D:12     | Found a staircase to the Orcish Mines.
 18304 | D:12     | Reached skill level 1 in Axes
 18763 | D:12     | Got a steaming buckler
 18774 | D:12     | Identified the +1 buckler of Isirgh {rC- Str+3 Stlth+} (You found it on level 12 of the Dungeon)
 18922 | D:13     | Found a gate to the Vaults.
 20640 | D:14     | Reached skill level 5 in Axes
 20770 | D:14     | Noticed Louise
 20850 | Orc:1    | Entered Level 1 of the Orcish Mines
 20952 | Orc:2    | Entered Level 2 of the Orcish Mines
 21947 | Orc:2    | Found a staircase to the Elven Halls.
 21992 | Orc:2    | Reached skill level 14 in Fighting
 22383 | Orc:2    | Found Viabburo's Magic Scroll Shop.
 22619 | Orc:2    | Found Firagad's Magic Scroll Boutique.
 22818 | Orc:2    | Bought a scroll of fear for 49 gold pieces
 22818 | Orc:2    | Bought a scroll of identify for 28 gold pieces
 22818 | Orc:2    | Bought a scroll of teleportation for 42 gold pieces
 22906 | Orc:2    | Reached XP level 16. HP: 95/95 MP: 17/17
 23822 | Orc:2    | Found Voaloy's Antique Weapon Emporium.
 23822 | Orc:2    | Found Bazxoa's Book Shoppe.
 23822 | Orc:2    | Found a one-way gate leading to the halls of Pandemonium.
 23878 | Orc:2    | Bought a scroll of blinking for 82 gold pieces
 23878 | Orc:2    | Bought a scroll of teleportation for 33 gold pieces
 23878 | Orc:2    | Bought a scroll of fog for 22 gold pieces
 23878 | Orc:2    | Bought 2 scrolls of teleportation for 66 gold pieces
 23878 | Orc:2    | Bought a scroll of blinking for 82 gold pieces
 23878 | Orc:2    | Bought a scroll of identify for 22 gold pieces
 23899 | Orc:2    | Upgraded the game from 0.19-a0-1247-gdb14cb7 to 0.19-a0-1259-g4fc3c0a
 25326 | D:15     | Entered Level 15 of the Dungeon
 25523 | D:15     | Found a staircase to the Depths.
 26129 | D:15     | Found Coohojeu's Antique Weapon Shoppe.
 26148 | D:15     | Bought a runed morningstar for 88 gold pieces
 26277 | D:15     | Killed Louise
 26930 | Swamp:1  | Entered Level 1 of the Swamp
 27615 | Swamp:2  | You are sucked into a shaft!
 29029 | Swamp:2  | Noticed a thorn hunter
 29049 | Swamp:2  | Killed a thorn hunter
 29189 | Slime:1  | Entered Level 1 of the Pits of Slime
 29286 | Swamp:1  | Reached XP level 17. HP: 90/100 MP: 18/18
 29752 | Swamp:4  | Entered Level 4 of the Swamp
 29761 | Swamp:4  | Reached skill level 15 in Fighting
 29761 | Swamp:4  | Reached skill level 15 in Armour
 29761 | Swamp:4  | Reached skill level 15 in Shields
 29929 | Swamp:4  | Noticed Donald
 29941 | Swamp:4  | Killed Donald
 30201 | Swamp:4  | Reached skill level 10 in Axes
 30945 | Swamp:4  | Got a decaying rune of Zot
 31603 | Snake:1  | Entered Level 1 of the Snake Pit
 31603 | Snake:1  | Found Nuf Rank's Food Emporium.
 31770 | Snake:1  | Found Ynyedu's General Store.
 31839 | Snake:1  | Found Vuitzyi's Weapon Shop.
 32323 | Snake:1  | Reached XP level 18. HP: 97/108 MP: 19/19
 32374 | Snake:1  | Found Osaude Jius's Book Emporium.
 32995 | Snake:2  | Reached skill level 1 in Invocations
 33318 | Snake:2  | Reached skill level 16 in Fighting
 34161 | Snake:3  | Noticed Vashnia
 34467 | Snake:3  | Killed Vashnia
 35024 | Snake:4  | Entered Level 4 of the Snake Pit
 35505 | Snake:4  | Reached skill level 5 in Invocations
 35685 | Snake:3  | Reached XP level 19. HP: 88/114 MP: 11/25
 37240 | Snake:4  | Reached skill level 1 in Charms
 37377 | Snake:4  | Reached skill level 1 in Dodging
 37679 | Snake:4  | Reached skill level 17 in Fighting
 37982 | Snake:4  | Got a serpentine rune of Zot
 38371 | Depths:1 | Entered Level 1 of the Depths
 38468 | Vaults:1 | Entered Level 1 of the Vaults
 38582 | Vaults:1 | Found Miggiut's Gadget Emporium.
 39271 | Orc:2    | Bought a book of Enchantments for 850 gold pieces
 39278 | Orc:2    | Learned a level 6 spell: Haste
 39684 | Vaults:1 | Reached XP level 20. HP: 117/120 MP: 28/28
 39689 | Vaults:1 | Found a radiant altar of Vehumet.
 39711 | Vaults:1 | Got a bloodstained hat
 39725 | Vaults:1 | Identified the +4 hat of the Trilobite {rF- rC+++} (You found it on level 1 of the Vaults)
 39731 | Vaults:1 | Identified the +0 robe "Rexkuemm" {rC+ Int+2 Stlth+} (You found it on level 1 of the Vaults)
 40067 | Vaults:1 | Found Vuar Hio's Antique Weapon Boutique.
 41482 | Vaults:2 | Found Kywied's Magic Scroll Shop.
 41495 | Vaults:2 | Bought 2 scrolls of enchant weapon for 195 gold pieces
 41495 | Vaults:2 | Bought a scroll of blinking for 97 gold pieces
 41495 | Vaults:2 | Bought a scroll of fog for 26 gold pieces
 41495 | Vaults:2 | Bought a scroll of teleportation for 39 gold pieces
 41642 | Vaults:2 | Noticed Xtahua
 41662 | Vaults:2 | Killed Xtahua
 41662 | Vaults:2 | Reached skill level 5 in Charms
 42197 | Vaults:2 | Reached skill level 5 in Dodging
 43054 | Vaults:3 | Reached skill level 10 in Invocations
 43092 | Vaults:3 | Reached XP level 21. HP: 73/126 MP: 31/31
 43333 | Vaults:3 | Reached skill level 18 in Fighting
 43339 | Vaults:3 | Identified a scroll of acquirement
 43543 | Vaults:3 | Got a fine scale mail
 43544 | Vaults:3 | Identified the cursed +1 scale mail of Noikecudd {*Confuse MR+ Str+3 Int+3} (You found it on level 3 of the Vaults)
 43649 | Vaults:3 | Found a basalt altar of Yredelemnul.
 43650 | Vaults:3 | Found a staircase to the Crypt.
 43651 | Vaults:3 | Found an ancient bone altar of Kikubaaqudgha.
 43673 | Vaults:3 | Found Ymirchasm's Magic Scroll Emporium.
 43681 | Vaults:3 | Bought a scroll of teleportation for 42 gold pieces
 43681 | Vaults:3 | Bought a scroll of teleportation for 42 gold pieces
 43681 | Vaults:3 | Bought a scroll of teleportation for 42 gold pieces
 43681 | Vaults:3 | Bought a scroll of teleportation for 42 gold pieces
 43681 | Vaults:3 | Bought a scroll of magic mapping for 49 gold pieces
 46446 | Depths:1 | Upgraded the game from 0.19-a0-1259-g4fc3c0a to 0.19-a0-1261-g420a265
 46553 | Depths:1 | Found a one-way gate to the infinite horrors of the Abyss.
 46731 | Depths:1 | Noticed Nikola
 46763 | Depths:1 | Noticed Asterion
 46771 | Depths:1 | Killed Asterion
 46859 | Depths:1 | Reached XP level 22. HP: 101/133 MP: 32/32
 46871 | Depths:1 | Killed Nikola
 47108 | Depths:1 | Found a gateway to Hell.
 47178 | Depths:1 | Found an iron altar of Okawaru.
 47518 | Depths:2 | Reached skill level 10 in Charms
 48034 | Depths:2 | Reached skill level 19 in Fighting
 48791 | Depths:2 | Found a gateway to a ziggurat.
 49730 | Depths:3 | Got a pair of ancient boots
 49739 | Depths:3 | Identified the cursed +0 pair of boots of Indomitability {Str+5 Dex+3} (You found it on level 3 of the Depths)
 50044 | Depths:3 | Found Biduw's Armour Shoppe.
 50219 | Depths:3 | Found Pastup Waoc's Armour Shop.
 50228 | Depths:3 | Found Pauchoerph's Antique Weapon Emporium.
 50235 | Depths:3 | Bought a scorched morningstar for 207 gold pieces
 50238 | Depths:3 | Identified the cursed +0 morningstar of Quli {antimagic, +Fly} (You bought it in a shop on level 3 of the Depths)
 50441 | Depths:3 | Found a snail-covered altar of Cheibriados.
 50513 | Depths:3 | Found Teareg Hylu's Antique Armour Emporium.
 50514 | Depths:3 | Identified the cursed +0 robe "Uxisymis" {MR+ rCorr Int+3 Dex+3} (You found it on level 3 of the Depths)
 50578 | Depths:3 | Got a coiled lead ring
 50580 | Depths:3 | Identified the ring of Helom {rF+ Stlth+} (You found it on level 3 of the Depths)
 50783 | Depths:3 | Noticed Nergalle
 50791 | Depths:3 | Killed Nergalle
 51170 | Depths:3 | Reached XP level 23. HP: 138/139 MP: 33/33
 51223 | Depths:3 | Noticed Boris
 51237 | Depths:3 | Killed Boris
 51253 | Depths:3 | Identified Onuodd's Collected Works on the Supportive Arsonist
 51318 | Depths:3 | Noticed an ancient lich
 51457 | Depths:4 | Noticed Frederick
 51469 | Depths:4 | Killed Frederick
 52350 | Depths:4 | Noticed a caustic shrike
 52361 | Depths:4 | Killed a caustic shrike
 52567 | Depths:4 | Noticed a caustic shrike
 52580 | Depths:4 | Killed a caustic shrike
 52867 | Depths:5 | Entered Level 5 of the Depths
 53090 | Depths:5 | Found Neluper's Gadget Emporium.
 53090 | Depths:5 | Found Fucacok's Jewellery Boutique.
 53091 | Depths:5 | Found Ibaonnyf's Gadget Emporium.
 53615 | Depths:5 | Reached skill level 10 in Dodging
 53681 | Depths:5 | Reached skill level 20 in Fighting
 53727 | Depths:5 | Reached XP level 24. HP: 130/146 MP: 33/33
 53847 | Depths:5 | Found a gate to the Realm of Zot.
 55116 | Slime:1  | Gained mutation: You are very dopey. (Int -4) [a shining eye]
 55137 | Slime:1  | Gained mutation: You are weak. (Str -2) [a shining eye]
 55682 | Slime:5  | Entered Level 5 of the Pits of Slime
 55813 | Slime:4  | Gained mutation: You are very weak. (Str -4) [a shining eye]
 55993 | Slime:5  | Noticed the Royal Jelly
 56029 | Slime:5  | Killed the Royal Jelly
 56187 | Slime:5  | Identified the Compendium of Lightness and Cold
 56347 | Slime:5  | Identified a +8 rod of inaccuracy (10/10) (You found it on level 5 of the Pits of Slime)
 56351 | Slime:5  | Got a slimy rune of Zot
 56739 | Elf:1    | Entered Level 1 of the Elven Halls
 56826 | Elf:1    | Found a ruined silver gateway.
 56843 | Elf:1    | Found a white marble altar of Elyvilon.
 56843 | Elf:1    | Found a glowing golden altar of the Shining One.
 56844 | Elf:1    | Found a glowing silver altar of Zin.
 56855 | Desolati | Entered the Desolation of Salt
 57309 | Desolati | Reached skill level 15 in Charms
 57628 | Desolati | Identified the ring of Ubuocrao {Str+4 Int+5 Dex+2} (You found it in the Desolation of Salt)
 57630 | Desolati | Identified the cursed +0 robe of Beoresk {rC+ rCorr Str-2} (You found it in the Desolation of Salt)
 57888 | Elf:1    | Reached XP level 25. HP: 126/153 MP: 33/33
 58123 | Elf:1    | Reached skill level 21 in Fighting
 59062 | Elf:2    | Found a deep blue altar of Sif Muna.
 59122 | Elf:2    | Found a runed gate.
 59122 | Elf:2    | Found a runed gate.
 59122 | Elf:2    | Found a runed gate.
 59822 | Elf:3    | Entered Level 3 of the Elven Halls
 60797 | Elf:3    | Reached skill level 22 in Fighting
 61159 | Elf:3    | Identified the Handbook of Arcane Weapons
 61165 | Elf:3    | Identified Ibbuonu's Incunabulum of the Mountains
 61582 | Depths:1 | Voluntarily entered the Abyss.
 61612 | Abyss:3  | Found a hazy altar of Hepliaklqana.
 61806 | Abyss:4  | Lost mutation: You have a pair of small horns on your head. [a shining eye]
 61822 | Abyss:4  | Got an abyssal rune of Zot
 61849 | Depths:1 | Escaped the Abyss
 61901 | Depths:2 | Reached XP level 26. HP: 162/162 MP: 33/33
 61917 | Depths:2 | Lost mutation: You are very dopey. (Int -4) [potion of cure mutation]
 61917 | Depths:2 | Lost mutation: You are very weak. (Str -4) [potion of cure mutation]
 61917 | Depths:2 | Lost mutation: You have sharp toenails. [potion of cure mutation]
 61917 | Depths:2 | Lost mutation: You are covered in fur. (AC +1) [potion of cure mutation]
 61918 | Depths:2 | Lost mutation: You are dopey. (Int -2) [potion of cure mutation]
 61918 | Depths:2 | Lost mutation: You are weak. (Str -2) [potion of cure mutation]
 61918 | Depths:2 | Lost mutation: Your movements are slightly less encumbered by armour. (ER -2) [potion of cure mutation]
 61918 | Depths:2 | Lost mutation: You have an increased reservoir of magic. (+10% MP) [potion of cure mutation]
 61919 | Depths:2 | Gained mutation: You can translocate small distances at will. [potion of beneficial mutation]
 61920 | Depths:2 | Upgraded the game from 0.19-a0-1261-g420a265 to 0.19-a0-1277-g7cecae3
 62220 | Zot:1    | Entered Level 1 of the Realm of Zot
 62495 | Zot:1    | Reached skill level 23 in Fighting
 62537 | Zot:1    | Noticed an orb of fire
 63655 | Zot:1    | Killed an orb of fire
 63712 | Zot:1    | Found a huge runed gate.
 63713 | Zot:1    | Found a huge runed gate.
 63713 | Zot:1    | Found a huge runed gate.
 63713 | Zot:1    | Found a huge runed gate.
 63713 | Zot:1    | Found a huge runed gate.
 63713 | Zot:1    | Found a huge runed gate.
 63714 | Zot:1    | Found a huge runed gate.
 63721 | Zot:1    | Found a huge runed gate.
 63722 | Zot:1    | Found a huge runed gate.
 63723 | Zot:1    | Found a huge runed gate.
 63724 | Zot:1    | Found a huge runed gate.
 63794 | Zot:1    | Found a huge runed gate.
 63794 | Zot:1    | Found a huge runed gate.
 63794 | Zot:1    | Found a huge runed gate.
 63794 | Zot:1    | Found a huge runed gate.
 63794 | Zot:1    | Found a huge runed gate.
 63794 | Zot:1    | Found a huge runed gate.
 63794 | Zot:1    | Found a huge runed gate.
 63795 | Zot:1    | Found a huge runed gate.
 63796 | Zot:1    | Found a huge runed gate.
 63797 | Zot:1    | Found a huge runed gate.
 63805 | Zot:1    | Found a huge runed gate.
 63805 | Zot:1    | Found a huge runed gate.
 63805 | Zot:1    | Found a huge runed gate.
 63805 | Zot:1    | Found a huge runed gate.
 64218 | Zot:1    | Noticed an orb of fire
 64218 | Zot:1    | Noticed an orb of fire
 64608 | Zot:3    | Noticed an orb of fire
 64622 | Zot:3    | Gained mutation: Scrolls take you a little longer to read. [an orb of fire]
 64623 | Zot:3    | Gained mutation: Your body sometimes deteriorates upon taking damage. [an orb of fire]
 64633 | Zot:3    | Gained mutation: Scrolls take you longer to read. [an orb of fire]
 64640 | Zot:3    | Killed an orb of fire
 64640 | Zot:3    | Reached XP level 27. HP: 88/169 MP: 30/30
 66312 | Zot:4    | Reached skill level 24 in Fighting
 66818 | Zot:5    | Entered Level 5 of the Realm of Zot
 67156 | Zot:5    | Noticed an ancient lich
 67172 | Zot:5    | Killed an ancient lich
 67227 | Zot:5    | Noticed an orb of fire
 67244 | Zot:5    | Killed an orb of fire
 67404 | Zot:5    | Noticed an ancient lich
 67415 | Zot:5    | Killed an ancient lich
 67517 | Zot:5    | Noticed an ancient lich
 67527 | Zot:5    | Killed an ancient lich
 67593 | Zot:5    | Noticed an orb of fire
 67615 | Zot:5    | Noticed an ancient lich
 67625 | Zot:5    | Killed an ancient lich
 68546 | Crypt:1  | Entered Level 1 of the Crypt
 69175 | Crypt:1  | Identified Ehed's Arcane Arts Continued
 69878 | Crypt:2  | Noticed Jorgrun
 69891 | Crypt:2  | Killed Jorgrun
 70080 | Crypt:3  | Entered Level 3 of the Crypt
 70190 | Crypt:3  | Found a magical portal.
 70194 | WizLab   | Entered The Roulette of Golubria
 70196 | WizLab   | Found a corrupted altar of Lugonu.
 70264 | WizLab   | Found a corrupted altar of Lugonu.
 70685 | WizLab   | Identified the cursed +0 cloak of the Teacher {Regen+} (You found it in a wizard's laboratory)
 70694 | WizLab   | Identified the +1 cloak of Daffodils {+Blink rElec Int+2} (You found it in a wizard's laboratory)
 70699 | WizLab   | Identified the cursed +0 cloak "Watejefy" {MP+9 Stlth+} (You found it in a wizard's laboratory)
 71135 | Crypt:3  | Reached skill level 1 in Evocations
 71138 | Crypt:3  | Reached skill level 25 in Fighting
 71488 | Crypt:3  | Reached skill level 5 in Evocations
 71515 | Crypt:3  | Found a staircase to the Tomb.
 71632 | Tomb:1   | Entered Level 1 of the Tomb of the Ancients
 71761 | Crypt:3  | Found an ancient bone altar of Kikubaaqudgha.
 71764 | Crypt:3  | Found a basalt altar of Yredelemnul.
 71858 | Crypt:3  | Identified the Grimoire of Thrice Damned Blessings
 72135 | Vaults:5 | Entered Level 5 of the Vaults
 72562 | Vaults:5 | Noticed an ancient lich
 72587 | Vaults:5 | Killed an ancient lich
 72975 | Vaults:5 | Reached skill level 10 in Evocations
 73481 | Vaults:5 | Got a silver rune of Zot
 73599 | Vaults:5 | Found Acif's General Store.
 73599 | Vaults:5 | Found Begivaim's Antique Armour Shop.
 73793 | Vaults:5 | Found Irigh's Antique Weapon Shoppe.
 73822 | Vaults:5 | Found Yriav's Gadget Emporium.
 73826 | Vaults:5 | Bought a box of beasts for 280 gold pieces
 73826 | Vaults:5 | Bought a box of beasts for 280 gold pieces
 73840 | Vaults:5 | Reached skill level 26 in Fighting
 74212 | Depths:2 | Lost mutation: Scrolls take you longer to read. [potion of cure mutation]
 74212 | Depths:2 | Lost mutation: Scrolls take you a little longer to read. [potion of cure mutation]
 74212 | Depths:2 | Lost mutation: Your body sometimes deteriorates upon taking damage. [potion of cure mutation]
 74212 | Depths:2 | Lost mutation: You can translocate small distances at will. [potion of cure mutation]
 74215 | Zig:1    | Entered Level 1 of a ziggurat
 74240 | Zig:2    | Entered Level 2 of a ziggurat
 74373 | Zig:3    | Entered Level 3 of a ziggurat
 74495 | Zig:4    | Entered Level 4 of a ziggurat
 74614 | Zig:5    | Entered Level 5 of a ziggurat
 74626 | Zig:5    | Paralysed by accursed screaming for 1 turns
 74773 | Zig:6    | Entered Level 6 of a ziggurat
 74832 | Zig:6    | Identified the +5 plate armour of Gravitas {+Inv Dex+4 Slay+2} (You found it on level 6 of a ziggurat)
 74924 | Zig:7    | Entered Level 7 of a ziggurat
 74929 | Zig:7    | Noticed an ancient lich
 74954 | Zig:7    | Killed an ancient lich
 75185 | Zig:8    | Entered Level 8 of a ziggurat
 75193 | Zig:8    | Noticed a juggernaut
 75193 | Zig:8    | Noticed a juggernaut
 75476 | Zot:5    | Killed an orb of fire
 75592 | Zot:5    | Noticed an orb of fire
 75605 | Zot:5    | Killed an orb of fire
 75623 | Zot:5    | Noticed an orb of fire
 75627 | Zot:5    | Gained mutation: Your magical capacity is low. (-10% MP) [an orb of fire]
 75637 | Zot:5    | Killed an orb of fire
 75643 | Zot:5    | Noticed an orb of fire
 75653 | Zot:5    | Gained mutation: Armour fits poorly on your strangely shaped body. [an orb of fire]
 75674 | Zot:5    | Killed an orb of fire
 75766 | Zot:5    | Lost mutation: Armour fits poorly on your strangely shaped body. [potion of cure mutation]
 75766 | Zot:5    | Lost mutation: Your magical capacity is low. (-10% MP) [potion of cure mutation]
 75986 | Zot:5    | Got the Orb of Zot
 76105 | Zot:2    | Noticed Dougrore the pandemonium lord
 76116 | Zot:1    | Gained mutation: Scrolls take you a little longer to read. [mutagenic glow]
 76129 | Depths:5 | Lost mutation: Scrolls take you a little longer to read. [potion of cure mutation]
 76370 | D:15     | Gained mutation: Armour fits poorly on your strangely shaped body. [mutagenic glow]
 76421 | D:12     | Gained mutation: You are weak. (Str -2) [mutagenic glow]
 76682 | D:1      | Noticed a seraph
 76742 | D:$      | Escaped with the Orb!

Vault maps used:
D:1:      co_arrival_random_square_maze
D:3:      old_standard_altar, first_bread, uniq_grinder
D:5:      kennysheep_little_box, tgw_sif, portal_sewer_entry_b,
          minmay_misc_feat_encased, minmay_misc_feat_more_columns,
          uniq_blork_the_orc
D:6:      minmay_opposing_rooms, kennysheep_ying_yang
D:7:      kennysheep_spiral_hall, overflow_temple_1_default, grunt_livestock
D:8:      kennysheep_generic_room_4
D:9:      lemuel_coloured_pillars_altar, serial_shops, shop, serial_ice,
          serial_ice_o, serial_ice_f, serial_ice_l, serial_ice_d, serial_ice_m,
          serial_ice_g, serial_ice_c, hangedman_corner_corridor
D:10:     cheibrodos_breeding_chamber, minmay_misc_feat_roman,
          lemuel_angel_altar
D:11:     minmay_lair_entry_lava
D:12:     david_orc_5
D:13:     erik_vaults_1, minmay_protected_statue
D:14:     serial_park_tiny_2, stair_cage_open, grunt_ministairs_10, uniq_louise
D:15:     grunt_enter_depths_hoard, serial_shops, nicolae_shop_waterfront
Temple:   nicolae_temple_great_sept
Lair:1:   serial_bayou_pond_c, nicolae_quartered_pool_little
Lair:2:   lemuel_fruit_tree, infiniplex_staircase_pool_2
Lair:3:   swamp_mist_pool, uniq_gastronok
Lair:4:   dummy_snake_entry, eino_house_with_fridge, uniq_rupert
Lair:5:   slime_dummy, minivault_27, fungi_pond_lemuel
Lair:6:   minmay_lair_end_enchanted_forest
Swamp:1:  evilmike_swamp_ruin_house_3
Swamp:2:  nicolae_swamp_round_clearing
Swamp:3:  serial_swamp_ruin, evilmike_swamp_ruin_house_2,
          evilmike_swamp_ruin_rubble_1, swamp_pool2
Swamp:4:  swamp, swamp_pool2, statue_in_the_mist_lemuel, uniq_donald
Snake:1:  serial_shops, shop, shop, shop, shop, serial_bayou_shore_a,
          grunt_megastairs_3, serial_bayou_shore_b
Snake:3:  uniq_vashnia
Snake:4:  johnstein_snake_rune_scales
Slime:1:  cheibrodos_slime_lost_civilization_2
Slime:3:  uniq_dissolution
Orc:1:    lightli_orcish_oven
Orc:2:    pf_orc_diabolical
Elf:1:    portal_desolation_entry_holy_temple, nrook_uturn,
          minmay_misc_feat_cross, dk_noncrumbling_3, kilobyte_rumbling_trees
Elf:2:    basic_altar
Elf:3:    minmay_elf_hall_dome
Vaults:1: nicolae_vaults_alarming, v_misc_18, nicolae_vaults_little_squares_2,
          nicolae_vaults_disjoint_gnomons, grunt_tower_of_power, v_rooms_6,
          hangedman_vaults_hat, nicolae_vaults_angled_halls,
          hangedman_vaults_cutoff, v_misc_25, hangedman_vaults_impose,
          serial_shops, shop, nicolae_shop_waterfront
Vaults:2: v_misc_15, nicolae_vaults_network_barrier,
          nicolae_vaults_little_squares_6, vaults_dpeg_doors,
          nicolae_vaults_little_squares_1, hangedman_vaults_stretched_pinwheel,
          v_misc_25, hangedman_vaults_capsules, serial_shops, shop_scrolls,
          uniq_xtahua
Vaults:3: v_pattern_4, minmay_crypt_entry_necro_gods, st_diamondy,
          ontoclasm_vaults_pinch, nicolae_vaults_twisting_passages,
          hangedman_vaults_locks, v_misc_13, v_alt_pattern_3, vaults_room_pools,
          v_rooms_5, hangedman_vaults_river_flow, ontoclasm_vaults_ring_large,
          ontoclasm_vaults_gateway, vaults_room_corners, serial_shops,
          shop_scrolls
Vaults:4: v_alt_pattern_2, nicolae_vaults_hallways_thing, v_misc_16,
          nicolae_vaults_shelves_hall, ontoclasm_vaults_eye,
          vaults_room_grunt_arrival_checkpoint
Vaults:5: serial_shops
Crypt:1:  lemuel_freeze_loot_1
Crypt:2:  glass_columns_a, hangedman_batty, uniq_jorgrun
Crypt:3:  lightli_unholy_cathedral, tomb_entry_sphere_bobbens, mu_enter_wizlab_7
Depths:1: kennysheep_big_empty_room, minmay_room_of_horrors, hell_entry,
          okawaru_ov_weapons_minmay, uniq_asterion, uniq_nikola
Depths:2: minmay_ambush_box, enter_ziggurat_b, grunt_pan_entry_in_and_out,
          hell_entry, roderic_lattice_octagonal_star,
          minmay_staircase_windowed_small, serial_bayou_shore_b
Depths:3: constructs_gauntlet_mu_hangedman, cheibriados_altar_1, serial_shops,
          shop, shop, nicolae_shop_overgrown_old_shop, shop, hell_entry,
          rand_demon_pan_entry_8, infiniplex_staircase_diamond
Depths:4: kennysheep_four_of_diamonds, pf_hell_entry_great_geh, abyss_entry,
          minmay_staircase_bubble, uniq_frederick
Depths:5: grunt_zot_entry_hairpin, abyss_entry, hangedman_abyss_or_decor_stabs,
          grunt_mini_vestibule, minmay_shop_grove
Zot:1:    kennysheep_ambush_hall, door_vault
Zot:2:    st_small_dragon_hoard_1
Zot:3:    minmay_elemental_castle
Zot:4:    evilmike_crystal_ball_defense
Abyss:3:  evilmike_abyss_exit_2, minivault_20, serial_sigils_hangedman_shear
Abyss:4:  hangedman_abyss_rune_macabre_mess
Sewer:    kennysheep_pipe_town
WizLab:   wizlab_golubria

Skill      XL: |  1  2  3  4  5  6  7  8  9 10 11 12 13 14 15 16 17 18 19 20 21 22 23 24 25 26 27 |
---------------+----------------------------------------------------------------------------------+-----
Armour         | 4 5 6 7 8 9 10 11 12 13 14 15 16 17 18 19 20 21 22 25 | 25.9
Fighting       | 4 5 6 8 9 10 11 12 13 14 15 16 17 18 19 20 22 23 26 | 26.7
Maces & Flails | 3 4 5 7 9 11 12 13 15 | 15.5
Shields        | 4 5 6 8 9 10 11 12 13 14 15 | 15.8
Axes           | 6 9 11 12 13 | 13.5
Invocations    | 5 7 10 | 10.2
Charms         | 3 5 9 11 13 15 16 18 21 | 21.6
Dodging        | 3 5 7 8 10 11 | 11.6
Evocations     | 14 | 14.5

Action                   |  1- 3 |  4- 6 |  7- 9 | 10-12 | 13-15 | 16-18 | 19-21 | 22-24 | 25-27 || total
-------------------------+-------+-------+-------+-------+-------+-------+-------+-------+-------++-------
Melee: Flail             |   145 |   176 |    36 |       |       |       |       |       |       ||   357
       Morningstar       |       |       |   475 |   805 |  1135 |   572 |  1305 |  1236 |       ||  5528
       Headbutt          |       |       |       |    75 |   392 |   339 |   393 |   508 |   141 ||  1848
       War axe           |       |       |       |       |   327 |   738 |       |       |       ||  1065
       Broad axe         |       |       |       |       |       |   175 |    54 |       |       ||   229
       Eveningstar       |       |       |       |       |       |       |       |   413 |  3166 ||  3579
       Dagger            |       |       |       |       |       |       |       |       |     1 ||     1
 Cast: Repel Missiles    |       |       |       |       |       |       |       |     2 |     1 ||     3
       Haste             |       |       |       |       |       |       |       |       |    21 ||    21
       Apportation       |       |       |       |       |       |       |       |       |     6 ||     6
Invok: Recall Ancestor   |       |       |     2 |     8 |     8 |     4 |     7 |     6 |    27 ||    62
       Ancestor Life: Kn |       |       |       |     1 |       |       |       |       |       ||     1
       Transference      |       |       |       |     2 |     3 |     2 |     2 |     5 |     8 ||    22
       Idealise          |       |       |       |       |       |       |     6 |     9 |    18 ||    33
 Abil: Evoke Berserk Rag |       |       |       |     2 |     2 |     3 |     1 |     1 |       ||     9
       Fly               |       |       |       |       |     1 |       |       |     1 |     2 ||     4
       Stop Flying       |       |       |       |       |       |       |       |     2 |     1 ||     3
Evoke: Wand              |       |       |       |     1 |       |       |     4 |    14 |     9 ||    28
       Sack of spiders   |       |       |       |       |     1 |       |       |       |       ||     1
       Lamp of fire      |       |       |       |       |       |       |       |     1 |       ||     1
  Use: Scroll            |     6 |     7 |     6 |    10 |     9 |    10 |    16 |    23 |    31 ||   118
       Potion            |     1 |       |     1 |     2 |     3 |     1 |     3 |     6 |    20 ||    37
 Stab: Distracted        |       |       |       |     5 |    10 |    12 |    15 |    30 |    59 ||   131
  Eat: Chunk             |     1 |     4 |    12 |    24 |    38 |    27 |    21 |    18 |    15 ||   160
       Pizza             |       |       |       |     3 |       |     2 |     1 |       |       ||     6
       Bread ration      |       |       |       |       |       |     2 |     3 |     5 |     9 ||    19
       Meat ration       |       |       |       |       |       |     1 |       |       |     5 ||     6
       Beef jerky        |       |       |       |       |       |       |     1 |       |       ||     1
Armor: Scale mail        |    74 |   132 |   265 |    91 |       |       |    50 |   464 |       ||  1076
       Plate armour      |       |       |       |   389 |   609 |       |       |       |       ||   998
       Chain mail        |       |       |       |       |    36 |   691 |   485 |   138 |       ||  1350
       Gold dragon armou |       |       |       |       |       |       |       |     1 |  1537 ||  1538
Dodge: Dodged            |    35 |    49 |   148 |   192 |   288 |   302 |   301 |   587 |   791 ||  2693
       Deflected         |       |       |       |       |       |       |       |     3 |     9 ||    12
Block: Shield            |    77 |    97 |   349 |   589 |   947 |   851 |   806 |   932 |  1809 ||  6457
       Reflection        |       |       |       |       |       |    42 |   126 |    38 |    66 ||   272
